Map: 星軌船廠

Players

Sen - Winner!

  • Race: Zerg Zerg
  • League: Master

FWHas (Has)

  • Race: Protoss Protoss
  • League: Master

Event: 2016 WCS Winter Challenger Taiwan

VOD

Have the link to the VOD?

Description

Time

  • Played on: Jan. 8, 2016, 6:44 a.m.
  • Length: 14:04

All games in this series

Show
View Real Time Build Order
Export as new Build Order

Sen Zerg - Winner!

Build Orders: 3 Hatch before Pool, Lurkers 

Get SALT Encoding   

  12  0:00  Drone  
  13  0:07  Drone  
  14  0:16  Overlord  
  14  0:21  Extractor  
  13  0:22  Drone  
  15  0:34  Drone  
  15  0:35  Drone  
  17  0:44  Drone  
  18  0:57  Hatchery  
  17  1:00  Drone  
  18  1:06  Drone  
  19  1:26  Hatchery  
  18  1:36  Spawning Pool  
  17  1:41  Drone  
  17  1:43  Drone  
  17  1:44  Extractor  
  19  1:47  Drone  
  19  1:53  Drone  
  20  2:07  Drone  
  21  2:10  Drone  
  22  2:17  Drone  
  22  2:19  Drone  
  24  2:23  Queen  
  24  2:24  Queen  
  28  2:31  Overlord  
  28  2:37  Queen  
  30  2:48  Overlord, Drone  
  30  2:50  Metabolic Boost  
  31  2:54  Zergling x2  
  31  2:56  Drone  
  34  2:58  Drone  
  34  3:03  Drone  
  34  3:05  Drone x2  
  37  3:10  Overlord  
  37  3:15  Drone x2  
  39  3:23  Queen  
  39  3:25  Drone x2  
  43  3:29  Drone  
  43  3:30  Drone  
  45  3:36  Overlord  
  45  3:38  Drone x2  
  45  3:39  Drone x2  
  49  3:45  Spore Crawler  
  49  3:47  Overlord  
  42  3:56  Zergling x2  
  42  3:57  Zergling x10  
  42  4:02  Drone x2  
  47  4:03  Drone  
  48  4:10  Drone x4  
  48  4:12  Drone  
  48  4:16  Spore Crawler  
  52  4:17  Spore Crawler  
  52  4:19  Drone  
  52  4:22  Drone x2  
  54  4:24  Drone  
  54  4:29  Overlord  
  54  4:30  Drone  
  56  4:31  Drone  
  56  4:34  Drone  
  56  4:35  Drone  
  59  4:40  Drone  
  59  4:43  Drone x3  
  63  4:46  Drone  
  63  4:48  Drone x3  
  63  4:50  Lair  
  64  4:58  Extractor  
  64  4:59  Drone  
  64  5:00  Drone, Extractor, Evolution Chamber  
  64  5:03  Overlord, Extractor  
  64  5:04  Overlord  
  64  5:05  Drone x2  
  64  5:16  Drone x2  
  64  5:17  Overlord  
  64  5:20  Roach Warren  
  65  5:23  Drone x3  
  65  5:26  Drone x5  
  65  5:28  Zerg Missile Weapons Level 1, Extractor  
  72  5:29  Drone x2, Extractor  
  72  5:35  Overlord  
  73  5:40  Overlord  
  73  5:45  Drone x4  
  77  5:55  Drone  
  77  5:56  Drone x2  
  80  5:59  Overlord  
  80  6:01  Glial Reconstitution  
  80  6:02  Roach x3  
  80  6:03  Hydralisk Den  
  85  6:07  Overseer  
  85  6:12  Roach  
  85  6:13  Roach  
  85  6:15  Drone  
  90  6:28  Overlord x2  
  90  6:31  Lurker Den  
  90  6:34  Zergling x2  
  90  6:35  Zergling x22  
  102  6:41  Hatchery  
  102  6:43  Zergling x2  
  101  6:47  Overlord  
  96  7:03  Hydralisk  
  96  7:04  Hydralisk x11  
  116  7:09  Overlord  
  116  7:16  Overlord x2  
  116  7:32  Zerg Missile Weapons Level 2  
  116  7:34  Roach x2  
  116  7:35  Roach  
  120  7:52  Drone  
  120  7:53  Drone x3  
  122  8:07  Lurker x10  
  131  8:13  Overlord  
  131  8:14  Overlord x2  
  131  8:17  Roach x4  
  131  8:18  Roach x6  
  151  8:22  Hydralisk  
  151  8:23  Overlord  
  151  8:24  Overlord x2  
  153  8:37  Overlord x2  
  153  8:38  Hatchery  
  152  8:41  Muscular Augments  
  152  8:43  Roach x8  
  168  8:50  Overlord x2  
  168  8:54  Roach x4  
  176  9:02  Hydralisk x4  
  178  9:05  Roach x2  
  187  9:13  Overlord  
  185  9:25  Roach x5  
  185  9:26  Roach x2  
  199  9:43  Overlord x2  
  185  9:57  Hydralisk x4  
  185  9:59  Roach x5  
  190  10:09  Roach x6  
  190  10:12  Lurker  
  190  10:13  Lurker  
  196  10:26  Roach x4  
  186  10:38  Roach  
  186  10:39  Roach x2  
  118  11:06  Hatchery  
  103  11:13  Lair  
  103  11:14  Spore Crawler  
  103  11:17  Spine Crawler  
  101  11:18  Hydralisk  
  101  11:19  Hydralisk x2  
  95  11:55  Hydralisk  
  95  11:56  Hydralisk x4  
  102  12:12  Overseer  
  102  12:22  Overseer  
  102  12:29  Extractor  
  101  12:31  Queen  
  101  12:32  Roach  
  101  12:33  Roach x3  
  111  12:37  Roach  
  111  12:38  Roach  
  111  12:40  Overseer  
  115  12:51  Roach x4  
  123  12:54  Hatchery  
  118  13:06  Roach x6  
  126  13:18  Hydralisk  
  126  13:19  Hydralisk x2  
  132  13:30  Overseer  
Show
View Real Time Build Order
Export as new Build Order

FWHas Protoss 

Build Orders: 1 Gate Expand, Oracle Opening 

Get SALT Encoding   

  12  0:01  Probe (Chrono Boost)  
  13  0:11  Probe (Chrono Boost)  
  14  0:17  Pylon  
  14  0:22  Probe (Chrono Boost)  
  16  0:35  Probe (Chrono Boost)  
  16  0:37  Gateway  
  16  0:46  Probe (Chrono Boost)  
  16  0:47  Assimilator  
  17  0:56  Probe (Chrono Boost)  
  19  1:16  Nexus  
  18  1:19  Probe (Chrono Boost)  
  19  1:31  Cybernetics Core  
  19  1:40  Probe (Chrono Boost)  
  19  1:41  Assimilator  
  20  1:48  Pylon  
  20  1:51  Probe (Chrono Boost)  
  21  2:01  Probe (Chrono Boost)  
  22  2:12  Stargate, Probe (Chrono Boost)  
  23  2:20  Stalker (Chrono Boost)  
  23  2:22  Probe  
  26  2:27  Probe  
  27  2:31  Warp Gate  
  27  2:34  Probe (Chrono Boost)  
  28  2:38  Probe (Chrono Boost)  
  29  2:47  Probe (Chrono Boost)  
  29  2:49  Probe (Chrono Boost)  
  31  2:56  Oracle (Chrono Boost)  
  31  2:57  Probe (Chrono Boost)  
  35  2:58  Probe  
  35  3:04  Adept  
  38  3:09  Probe x2  
  40  3:17  Pylon  
  40  3:20  Probe  
  40  3:21  Probe (Chrono Boost)  
  40  3:25  Twilight Council  
  42  3:31  Probe (Chrono Boost)  
  42  3:33  Probe (Chrono Boost)  
  44  3:36  Assimilator x2  
  44  3:42  Probe (Chrono Boost)  
  44  3:44  Probe (Chrono Boost)  
  46  3:50  Void Ray (Chrono Boost)  
  50  3:57  Probe (Chrono Boost)  
  50  3:58  Probe (Chrono Boost)  
  50  4:00  Resonating Glaives  
  48  4:08  Probe x2 (Chrono Boost)  
  50  4:18  Probe (Chrono Boost)  
  50  4:19  Probe (Chrono Boost)  
  50  4:20  Nexus  
  50  4:21  Pylon  
  52  4:30  Mothership Core  
  54  4:34  Pylon  
  54  4:39  Probe  
  54  4:40  Adept  
  56  4:52  Probe x2  
  56  4:58  Gateway x2  
  56  5:01  Pylon, Gateway  
  56  5:02  Gateway  
  56  5:04  Probe x2  
  56  5:06  Robotics Facility  
  58  5:12  Forge  
  58  5:16  Probe x2  
  60  5:26  Gateway  
  60  5:28  Probe x2, Gateway  
  60  5:32  Probe, Pylon  
  63  5:40  Probe x2  
  63  5:42  Probe  
  65  5:44  Adept  
  68  5:51  Pylon  
  68  5:53  Probe x3  
  68  5:54  Protoss Ground Weapons Level 1  
  68  5:56  Warp Prism  
  73  6:04  Adept x2, Charge  
  73  6:05  Probe x2  
  73  6:08  Probe, Adept  
  73  6:09  Adept  
  84  6:17  Probe x2  
  86  6:19  Probe  
  86  6:24  Assimilator  
  87  6:25  Assimilator  
  87  6:26  Gateway  
  87  6:36  Pylon  
  87  6:38  Dark Shrine  
  87  6:45  Stalker x5  
  97  6:48  Probe x2  
  89  7:08  Pylon, Immortal  
  89  7:11  Pylon  
  91  7:17  Pylon  
  91  7:19  Adept x3  
  91  7:20  Adept  
  91  7:22  Sentry x2  
  103  7:24  Zealot  
  105  7:32  Pylon x2  
  105  7:34  Pylon  
  105  7:45  Zealot  
  105  7:48  Observer  
  108  7:52  Protoss Ground Weapons Level 2  
  108  7:58  Zealot x6  
  114  7:59  Zealot  
  122  8:06  Gateway  
  122  8:08  Gateway  
  122  8:10  Gateway  
  122  8:11  Zealot, Templar Archives  
  124  8:14  Gateway  
  124  8:21  Pylon, Zealot x6  
  124  8:23  Pylon  
  124  8:25  Pylon  
  136  8:30  Immortal  
  140  8:48  High Templar x2  
  140  8:49  High Templar x5  
  140  8:52  Archon x2  
  140  8:53  Archon, Nexus  
  140  8:54  High Templar  
  156  8:59  Archon  
  159  9:27  Dark Shrine  
  159  9:35  Observer  
  150  9:40  Zealot x3  
  150  9:41  Zealot x6  
  150  9:42  Zealot x3  
  169  9:50  Pylon  
  169  9:51  Pylon  
  169  9:52  Pylon  
  163  9:53  Pylon x2  
  163  9:54  Pylon  
  163  9:56  Pylon  
  65  10:43  Dark Templar x5  
  65  10:44  Dark Templar x3  
  56  11:09  Probe  
  56  11:21  Probe  
  57  11:30  Probe  
  58  11:33  Probe  
  55  11:42  Probe  
  55  11:45  Probe, Nexus  
  57  11:47  Pylon  
  56  11:54  Probe  
  57  12:08  Cybernetics Core  
  57  12:13  Probe  
  58  12:18  Probe  
  59  12:26  Probe  
  60  12:30  Probe  
  61  12:38  Probe  
  61  12:43  Archon x2  
  62  12:45  Probe  
  62  12:46  Dark Templar  
  65  12:51  Archon  
  65  12:53  Probe  
  65  12:56  Probe  
  65  12:58  Probe  
  62  13:05  Probe  
  62  13:08  Dark Templar  
  56  13:28  Adept  
  56  13:29  Zealot x3  
Tags
 
Add a new tag
Caveats
  • Supply blocks, unpowered buildings, or Contaminate may cause inaccurate times.
  • Supply counts are checked every 10 seconds.